Demolitions vs Influenza
Created - January 3, 2019 at 20:33
Goals
|
| Demolitions |
1 |
3 |
1 |
5 |
| Influenza |
1 |
1 |
0 |
2 |
|
Shots
|
| Demolitions |
10 |
6 |
13 |
29 |
| Influenza |
11 |
15 |
3 |
29 |
|
1st period
1. Influenza , Alex Killorn 1 (Beau Bennett 30, Charlie Coyle 23) at 2:57
2. Demolitions , Michael Latta 10 (Erik Cole 19, Spencer Machacek 13) at 15:57 (PP)
Penalties :
Beau Bennett (VJB) for Diving (Minor) at 15:52
2nd period
3. Influenza , Jake Guentzel 7 (Max Domi 14, Tim Erixon 6) at 3:28
4. Demolitions , Spencer Machacek 20 (Nick Pryor 2) at 8:27
5. Demolitions , Phil McRae 9 (Robert Bortuzzo 2) at 11:32
6. Demolitions , Brandon McMillan 7 (Jonathan Blum 16) at 16:43
Penalties :
Spencer Machacek (Vic) for Roughing (Minor) at 4:41
3rd period
7. Demolitions , Cameron Schilling 5 (Phil McRae 6, Connor Hellebyuk) at 10:29
Penalties :
Alex Killorn (VJB) for Interference (Minor) at 12:13, Corban Knight (Vic) for Hooking (Minor) at 17:18
Goalie Stats
Connor Hellebyuk (Vic), 27 saves from 29 shots - (0.931), W, 11-5-1, 60:00 minutes
Jeremy Duchesne (VJB), 10 saves from 14 shots - (0.714), L, 17-6-1, 36:43 minutes
Tyson Sexsmith (VJB), 14 saves from 15 shots - (0.933), 23:17 minutes
Players Stats for Demolitions
Player Name G A P +/- PIM S H SB GA TA FO MP PP MP PK MP
------------------------------------------------------------------------------------
Aaron Palushaj 0 0 0 1 0 0 0 0 0 0 0/0 10:52 0:00 0:00
Alex Hutchings 0 0 0 0 0 0 0 0 0 0 0/0 1:37 0:01 1:34
Andrej Nestrasil 0 0 0 0 0 2 1 0 1 0 1/2 12:32 0:00 0:00
Billy Sweat 0 0 0 0 0 2 2 0 0 0 0/0 12:32 0:00 0:00
Brandon McMillan 1 0 1 1 0 1 1 0 0 0 0/0 10:52 0:00 0:00
Cameron Schilling 1 0 1 1 0 1 1 0 0 0 0/0 18:30 0:45 1:44
Colton Sceviour 0 0 0 0 0 0 0 0 0 0 0/0 1:30 0:00 1:30
Corban Knight 0 0 0 0 2 1 3 0 1 0 2/6 15:41 0:48 0:44
Derek Forbort 0 0 0 1 0 0 0 0 0 0 0/0 7:12 0:00 0:00
Dmitri Orlov 0 0 0 1 0 0 1 0 0 1 0/0 18:30 0:45 1:44
Erik Cole 0 1 1 1 0 3 0 1 0 1 2/2 19:15 1:15 1:38
Garnet Hathaway 0 0 0 0 0 2 0 0 1 1 1/1 15:12 0:48 0:14
JC Lipon 0 0 0 0 0 0 0 0 0 0 0/0 0:03 0:01 0:00
Joel Vermin 0 0 0 0 0 0 0 0 0 0 0/0 12:32 0:00 0:00
Jonathan Blum 0 1 1 0 0 1 0 0 0 2 0/0 22:58 1:19 2:14
Justin Falk 0 0 0 0 0 2 0 1 0 1 0/0 22:52 1:19 2:11
Lane MacDermid 0 0 0 0 0 2 1 1 1 0 1/1 15:28 0:48 0:30
Michael Latta 1 0 1 1 0 4 1 1 1 0 16/33 18:34 1:15 0:57
Nick Pryor 0 1 1 1 0 0 0 0 0 0 0/0 7:12 0:00 0:00
Nick Shore 0 0 0 0 0 0 0 0 0 0 0/0 0:03 0:01 0:00
Phil McRae 1 1 2 1 0 2 0 1 1 0 1/1 10:52 0:00 0:00
Robert Bortuzzo 0 1 1 0 0 0 0 2 0 0 0/0 11:20 0:00 0:00
Ryan Olsen 0 0 0 0 0 0 0 0 0 0 0/0 0:06 0:00 0:06
Spencer Machacek 1 1 2 1 2 5 1 0 1 1 0/0 18:19 1:15 0:43
Taylor Aronson 0 0 0 0 0 1 0 2 0 0 0/0 11:26 0:00 0:03
Players Stats for Influenza
Player Name G A P +/- PIM S H SB GA TA FO MP PP MP PK MP
------------------------------------------------------------------------------------
Alex Killorn 1 0 1 -1 2 6 0 2 3 1 2/4 19:27 1:47 0:05
Anthony Mantha 0 0 0 0 0 2 1 0 0 0 0/0 13:15 0:00 0:00
Beau Bennett 0 1 1 -1 2 3 1 0 0 0 0/1 18:56 1:48 0:00
Charlie Coyle 0 1 1 -1 0 1 0 0 0 0 13/27 20:12 1:50 1:13
Dmitry Sinitsyn 0 0 0 0 0 0 0 0 0 1 0/0 13:02 0:00 0:00
Iiro Pakarinen 0 0 0 0 0 1 2 0 0 0 0/1 15:59 1:53 0:00
Jacob Josefson 0 0 0 0 0 0 0 0 0 0 0/0 1:09 0:21 0:48
Jake Guentzel 1 0 1 0 0 7 2 0 3 0 1/2 13:15 0:00 0:00
Jeff Corbett 0 0 0 1 0 0 0 0 0 1 0/0 5:42 0:00 0:00
Jesse Graham 0 0 0 1 0 0 0 0 0 0 0/0 5:42 0:00 0:00
Jimmy Vesey 0 0 0 0 0 2 0 0 0 0 1/1 16:33 1:53 0:07
Joe Morrow 0 0 0 -1 0 2 1 1 0 0 0/0 17:03 1:37 0:50
Johan Larsson 0 0 0 -1 0 0 1 0 0 0 0/0 9:51 0:06 0:44
Jordan Schroeder 0 0 0 -1 0 0 0 0 0 0 0/0 9:25 0:00 0:10
Josh Andrerson 0 0 0 0 0 0 0 0 0 0 0/0 0:00 0:00 0:00
Justin Bailey 0 0 0 -1 0 1 0 0 0 0 0/0 9:07 0:06 0:00
Mark Olver 0 0 0 0 0 1 1 0 0 0 5/8 15:59 1:53 0:00
Mathieu Carle 0 0 0 -2 0 1 2 2 1 1 0/0 24:13 2:21 1:14
Max Domi 0 1 1 0 0 1 1 0 0 0 0/0 13:15 0:00 0:00
Nikita Gusev 0 0 0 0 0 0 0 0 0 0 0/0 0:00 0:00 0:00
Nikita Zadorov 0 0 0 0 0 0 0 1 0 0 0/0 13:02 0:00 0:00
Paul Ladue 0 0 0 -2 0 1 1 1 0 3 0/0 24:13 2:21 1:14
Shane Prince 0 0 0 0 0 0 0 0 0 0 0/2 1:01 0:00 1:01
Tim Erixon 0 1 1 -1 0 0 0 0 0 0 0/0 17:03 1:37 0:50
Tom Kuhnhackl 0 0 0 0 0 0 0 0 0 0 0/0 0:30 0:17 0:00
3 Stars
1 - Phil McRae (Vic)
2 - Spencer Machacek (Vic)
3 - Michael Latta (Vic)
Power Play
Demolitions - 1 on 2 Attempt(s) - 50.00%
Influenza - 0 on 2 Attempt(s) - 0.00%
Penalty Kill
Demolitions - 2 on 2 Attempt(s) - 100.00%
- Score 0 goal in Penalty Kill
Influenza - 1 on 2 Attempt(s) - 50.00%
- Score 0 goal in Penalty Kill
Team Stat
Demolitions - Hits : 12 - Faceoff Wins : 24 - Blocked Shots : 9 - Penalty Minutes : 4
Influenza - Hits : 13 - Faceoff Wins : 22 - Blocked Shots : 7 - Penalty Minutes : 4
Official
Referees : Unknown
Linesman : Unknown
Game Notes
Tyson Sexsmith enters game at 16:43 of 2nd period
Finance
Level 1 -- Attendance: 1583 (79.15%) -- Ticket Income $63,320
Level 2 -- Attendance: 796 (79.60%) -- Ticket Income $15,920
Total Attendance: 2379 (79.30%)
Total Ticket Income: $79,240
Other Income: $3,962
Total Income: $83,202
Demolitions
5 vs 5 Forward
Center Left Wing Right Wing Time % Phy DF OF
1 Michael Latta Erik Cole Spencer Machacek 40 1 2 2
2 Corban Knight Lane MacDermid Garnet Hathaway 30 1 2 2
3 Andrej Nestrasil Billy Sweat Joel Vermin 20 1 2 2
4 Phil McRae Brandon McMillan Aaron Palushaj 10 1 2 2
5 vs 5 Defense
Defense Defense Time % Phy DF OF
1 Justin Falk Jonathan Blum 40 1 2 2
2 Cameron Schilling Dmitri Orlov 30 1 2 2
3 Robert Bortuzzo Taylor Aronson 20 1 2 2
4 Derek Forbort Nick Pryor 10 1 2 2
PowerPlay Forward
Center Left Wing Right Wing Time % Phy DF OF
1 Michael Latta Erik Cole Spencer Machacek 60 1 2 2
2 Corban Knight Lane MacDermid Garnet Hathaway 40 1 2 2
PowerPlay Defense
Defense Defense Time % Phy DF OF
1 Justin Falk Jonathan Blum 60 1 2 2
2 Cameron Schilling Dmitri Orlov 40 1 2 2
Penalty Kill 4 Players Forward
Center Wing Time % Phy DF OF
1 Erik Cole Spencer Machacek 60 1 2 2
2 Garnet Hathaway Michael Latta 40 1 2 2
Penalty Kill 4 Players Defense
Defense Defense Time % Phy DF OF
1 Justin Falk Jonathan Blum 60 1 2 2
2 Cameron Schilling Dmitri Orlov 40 1 2 2
Penalty Kill - 3 Players Forward
Forward Time % Phy DF OF
1 Erik Cole 60 1 2 2
2 Spencer Machacek 40 1 2 2
Penalty Kill - 3 Players Defense
Defense Defense Time % Phy DF OF
1 Justin Falk Jonathan Blum 60 1 2 2
2 Cameron Schilling Dmitri Orlov 40 1 2 2
4 vs 4 Forward
Center Wing Time % Phy DF OF
1 Erik Cole Spencer Machacek 60 1 2 2
2 Garnet Hathaway Michael Latta 40 1 2 2
4 vs 4 Defense
Defense Defense Time % Phy DF OF
1 Justin Falk Jonathan Blum 60 1 2 2
2 Cameron Schilling Dmitri Orlov 40 1 2 2
Last Minutes Offensive
Center Left Wing Right Wing Defense Defense
Michael Latta Erik Cole Spencer Machacek Justin Falk Jonathan Blum
Last Minutes Defensive
Center Left Wing Right Wing Defense Defense
Michael Latta Erik Cole Spencer Machacek Justin Falk Jonathan Blum
Goaltenders
Starting : Connor Hellebyuk
Backup : Karri Ramo
Extra Forwards
Normal : Alex Hutchings, Nick Shore, Colton Sceviour - PP : Alex Hutchings, Nick Shore - PK : Colton Sceviour
Extra Defensemen
Normal : Robert Bortuzzo, Taylor Aronson, Derek Forbort - PP : Robert Bortuzzo - PK : Taylor Aronson, Derek Forbort
Penalty Shots
Erik Cole, Spencer Machacek, Garnet Hathaway, Michael Latta, Lane MacDermid
Scratches
Thomas DiPauli (Healthy), Taylor Leier (Healthy), Jake Paterson (Healthy)
Influenza
5 vs 5 Forward
Center Left Wing Right Wing Time % Phy DF OF
1 Charlie Coyle Alex Killorn Beau Bennett 40 1 2 2
2 Mark Olver Jimmy Vesey Iiro Pakarinen 30 1 2 2
3 Jake Guentzel Max Domi Anthony Mantha 20 1 2 2
4 Jordan Schroeder Johan Larsson Justin Bailey 10 1 2 2
5 vs 5 Defense
Defense Defense Time % Phy DF OF
1 Mathieu Carle Paul Ladue 40 1 2 2
2 Tim Erixon Joe Morrow 30 1 2 2
3 Nikita Zadorov Dmitry Sinitsyn 20 1 2 2
4 Jeff Corbett Jesse Graham 10 1 2 2
PowerPlay Forward
Center Left Wing Right Wing Time % Phy DF OF
1 Charlie Coyle Alex Killorn Beau Bennett 60 1 2 2
2 Mark Olver Jimmy Vesey Iiro Pakarinen 40 1 2 2
PowerPlay Defense
Defense Defense Time % Phy DF OF
1 Mathieu Carle Paul Ladue 60 1 2 2
2 Tim Erixon Joe Morrow 40 1 2 2
Penalty Kill 4 Players Forward
Center Wing Time % Phy DF OF
1 Alex Killorn Charlie Coyle 60 1 2 2
2 Mark Olver Beau Bennett 40 1 2 2
Penalty Kill 4 Players Defense
Defense Defense Time % Phy DF OF
1 Mathieu Carle Paul Ladue 60 1 2 2
2 Tim Erixon Joe Morrow 40 1 2 2
Penalty Kill - 3 Players Forward
Forward Time % Phy DF OF
1 Alex Killorn 60 1 2 2
2 Charlie Coyle 40 1 2 2
Penalty Kill - 3 Players Defense
Defense Defense Time % Phy DF OF
1 Mathieu Carle Paul Ladue 60 1 2 2
2 Tim Erixon Joe Morrow 40 1 2 2
4 vs 4 Forward
Center Wing Time % Phy DF OF
1 Alex Killorn Charlie Coyle 60 1 2 2
2 Mark Olver Beau Bennett 40 1 2 2
4 vs 4 Defense
Defense Defense Time % Phy DF OF
1 Mathieu Carle Paul Ladue 60 1 2 2
2 Tim Erixon Joe Morrow 40 1 2 2
Last Minutes Offensive
Center Left Wing Right Wing Defense Defense
Charlie Coyle Alex Killorn Beau Bennett Mathieu Carle Paul Ladue
Last Minutes Defensive
Center Left Wing Right Wing Defense Defense
Charlie Coyle Alex Killorn Beau Bennett Mathieu Carle Paul Ladue
Goaltenders
Starting : Jeremy Duchesne
Backup : Tyson Sexsmith
Extra Forwards
Normal : Jacob Josefson, Tom Kuhnhackl, Shane Prince - PP : Jacob Josefson, Tom Kuhnhackl - PK : Shane Prince
Extra Defensemen
Normal : Nikita Zadorov, Dmitry Sinitsyn, Jeff Corbett - PP : Nikita Zadorov - PK : Dmitry Sinitsyn, Jeff Corbett
Penalty Shots
Alex Killorn, Charlie Coyle, Mark Olver, Beau Bennett, Jimmy Vesey
Scratches
Jamie Devane (Healthy), Henri Ikonen (Healthy), Calvin de Haan (Suspend), Fredric Larsson (Healthy), Rocco Grimaldi (Healthy)
Jamie Phillips (Healthy)
% Time on Ice - Demolitions
Lines # - Real PCT - Wanted PCT - Time Play
Normal Forward
1 - 30% - 40% - 16:24
2 - 26% - 30% - 14:10
3 - 23% - 20% - 12:32
4 - 20% - 10% - 10:52
Normal Defense
1 - 36% - 40% - 19:25
2 - 30% - 30% - 16:01
3 - 21% - 20% - 11:20
4 - 13% - 10% - 7:12
PP Forward
1 - 61% - 60% - 1:16
2 - 39% - 40% - 0:48
PP Defense
1 - 64% - 60% - 1:19
2 - 36% - 40% - 0:45
PK Forward
1 - 94% - 60% - 3:44
2 - 6% - 40% - 0:14
PK Defense
1 - 56% - 60% - 2:14
2 - 44% - 40% - 1:44
PK3 Forward
1 - 0% - 60%
2 - 0% - 40%
PK3 Defense
1 - 0% - 60%
2 - 0% - 40%
44 Forward
1 - 0% - 60%
2 - 0% - 40%
44 Defense
1 - 0% - 60%
2 - 0% - 40%
Last Minute Offensive - 0:00
Last Minute Defensive - 0:00
Total
Forward - 60:00
Defense - 60:00
|
% Time on Ice - Influenza
Lines # - Real PCT - Wanted PCT - Time Play
Normal Forward
1 - 33% - 40% - 17:49
2 - 26% - 30% - 14:06
3 - 25% - 20% - 13:15
4 - 16% - 10% - 8:48
Normal Defense
1 - 38% - 40% - 20:38
2 - 27% - 30% - 14:36
3 - 24% - 20% - 13:02
4 - 11% - 10% - 5:42
PP Forward
1 - 53% - 60% - 2:05
2 - 47% - 40% - 1:53
PP Defense
1 - 59% - 60% - 2:21
2 - 41% - 40% - 1:37
PK Forward
1 - 100% - 60% - 2:04
2 - 0% - 40% - 0:00
PK Defense
1 - 60% - 60% - 1:14
2 - 40% - 40% - 0:50
PK3 Forward
1 - 0% - 60%
2 - 0% - 40%
PK3 Defense
1 - 0% - 60%
2 - 0% - 40%
44 Forward
1 - 0% - 60%
2 - 0% - 40%
44 Defense
1 - 0% - 60%
2 - 0% - 40%
Last Minute Offensive - 0:00
Last Minute Defensive - 0:00
Total
Forward - 60:00
Defense - 60:00
|
Play-by-Play
1st period
0:01 of 1st period - Charlie Coyle wins face-off versus Michael Latta in neutral zone.
0:12 of 1st period - Snap shot by Spencer Machacek.
0:12 of 1st period - Stopped by Jeremy Duchesne with a rebound.
0:14 of 1st period - Slapshot by Justin Falk.
0:14 of 1st period - Stopped by Jeremy Duchesne with a rebound.
1:07 of 1st period - Snap shot by Justin Bailey.
1:07 of 1st period - Stopped by Connor Hellebyuk with a rebound.
2:42 of 1st period - Icing by Aaron Palushaj.
2:43 of 1st period - Michael Latta wins face-off versus Charlie Coyle in Demolitions zone.
2:53 of 1st period - Snap shot by Beau Bennett.
2:53 of 1st period - Shot Hit the Post.
2:55 of 1st period - Snap shot by Alex Killorn.
2:55 of 1st period - Stopped by Connor Hellebyuk with a rebound.
2:57 of 1st period - Wrist shot by Alex Killorn.
2:57 of 1st period - Goal by Alex Killorn - Demolitions : 0 - Influenza : 1.
2:58 of 1st period - Lane MacDermid wins face-off versus Iiro Pakarinen in neutral zone.
3:48 of 1st period - Nikita Zadorov is hit by Billy Sweat and loses puck.
4:17 of 1st period - Slapshot by Garnet Hathaway.
4:17 of 1st period - Stopped by Jeremy Duchesne without a rebound.
4:18 of 1st period - Mark Olver wins face-off versus Andrej Nestrasil in Influenza zone.
4:27 of 1st period - Snap shot by Jimmy Vesey.
4:27 of 1st period - Stopped by Connor Hellebyuk without a rebound.
4:28 of 1st period - Andrej Nestrasil wins face-off versus Mark Olver in Demolitions zone.
4:28 of 1st period - Andrej Nestrasil is hit by Iiro Pakarinen.
5:06 of 1st period - Wrist shot by Mark Olver.
5:06 of 1st period - Stopped by Connor Hellebyuk with a rebound.
5:40 of 1st period - Wrist shot by Andrej Nestrasil.
5:40 of 1st period - Deflect By Billy Sweat.
5:40 of 1st period - Shot Misses the Net.
5:40 of 1st period - Puck is out of play.
5:41 of 1st period - Charlie Coyle wins face-off versus Michael Latta in Influenza zone.
6:07 of 1st period - Anthony Mantha is hit by Dmitri Orlov and loses puck.
6:11 of 1st period - Icing by Anthony Mantha.
6:12 of 1st period - Jake Guentzel wins face-off versus Corban Knight in Influenza zone.
6:28 of 1st period - Snap shot by Jake Guentzel.
6:28 of 1st period - Shot Blocked by Robert Bortuzzo.
6:38 of 1st period - Wrist shot by Max Domi.
6:38 of 1st period - Deflect By Jake Guentzel.
6:38 of 1st period - Deflect By Lane MacDermid.
6:38 of 1st period - Stopped by Connor Hellebyuk with a rebound.
6:44 of 1st period - Snap shot by Garnet Hathaway.
6:44 of 1st period - Shot Blocked by Mathieu Carle.
6:46 of 1st period - Slapshot by Taylor Aronson.
6:46 of 1st period - Shot Misses the Net.
6:52 of 1st period - Wrist shot by Garnet Hathaway.
6:52 of 1st period - Shot Blocked by Paul Ladue.
7:43 of 1st period - Slapshot by Jake Guentzel.
7:43 of 1st period - Stopped by Connor Hellebyuk without a rebound.
7:44 of 1st period - Michael Latta wins face-off versus Charlie Coyle in Demolitions zone.
9:06 of 1st period - Snap shot by Phil McRae.
9:06 of 1st period - Stopped by Jeremy Duchesne with a rebound.
9:40 of 1st period - Cameron Schilling is hit by Johan Larsson and loses puck.
13:09 of 1st period - Snap shot by Brandon McMillan.
13:09 of 1st period - Shot Misses the Net.
14:21 of 1st period - Snap shot by Mark Olver.
14:21 of 1st period - Shot Blocked by Phil McRae.
14:33 of 1st period - Jesse Graham is hit by Brandon McMillan and loses puck.
14:44 of 1st period - Snap shot by Iiro Pakarinen.
14:44 of 1st period - Stopped by Connor Hellebyuk with a rebound.
15:08 of 1st period - Erik Cole is hit by Mathieu Carle and loses puck.
15:19 of 1st period - Snap shot by Andrej Nestrasil.
15:19 of 1st period - Stopped by Jeremy Duchesne with a rebound.
15:49 of 1st period - Snap shot by Andrej Nestrasil.
15:49 of 1st period - Stopped by Jeremy Duchesne without a rebound.
15:50 of 1st period - Charlie Coyle wins face-off versus Michael Latta in Influenza zone.
15:52 of 1st period - Minor Penalty to Beau Bennett for Diving.
15:53 of 1st period - Michael Latta wins face-off versus Alex Killorn in Influenza zone.
15:57 of 1st period - Wrist shot by Michael Latta.
15:57 of 1st period - Goal by Michael Latta - Demolitions : 1 - Influenza : 1.
15:58 of 1st period - Michael Latta wins face-off versus Charlie Coyle in neutral zone.
16:09 of 1st period - Snap shot by Michael Latta.
16:09 of 1st period - Stopped by Jeremy Duchesne without a rebound.
16:10 of 1st period - Michael Latta wins face-off versus Charlie Coyle in Influenza zone.
16:17 of 1st period - Slapshot by Alex Killorn.
16:17 of 1st period - Stopped by Connor Hellebyuk with a rebound.
16:23 of 1st period - Wrist shot by Alex Killorn.
16:23 of 1st period - Stopped by Connor Hellebyuk without a rebound.
16:24 of 1st period - Charlie Coyle wins face-off versus Michael Latta in Demolitions zone.
16:37 of 1st period - Wrist shot by Beau Bennett.
16:37 of 1st period - Shot Blocked by Michael Latta.
16:39 of 1st period - Snap shot by Paul Ladue.
16:39 of 1st period - Shot Blocked by Erik Cole.
17:00 of 1st period - Snap shot by Spencer Machacek.
17:00 of 1st period - Stopped by Jeremy Duchesne with a rebound.
17:02 of 1st period - Snap shot by Michael Latta.
17:02 of 1st period - Stopped by Jeremy Duchesne with a rebound.
17:38 of 1st period - Michael Latta is hit by Joe Morrow and loses puck.
17:59 of 1st period - Slapshot by Alex Killorn.
17:59 of 1st period - Stopped by Connor Hellebyuk with a rebound.
19:23 of 1st period - Icing by Joe Morrow.
19:24 of 1st period - Corban Knight wins face-off versus Alex Killorn in Influenza zone.
19:34 of 1st period - Off-side.
19:35 of 1st period - Mark Olver wins face-off versus Corban Knight in neutral zone.
Goals for this period are 1 for Demolitions vs 1 for Influenza.
Shots for this period are 10 for Demolitions vs 11 for Influenza.
2nd period
0:01 of 2nd period - Michael Latta wins face-off versus Charlie Coyle in neutral zone.
0:30 of 2nd period - Justin Falk is hit by Mark Olver and loses puck.
0:52 of 2nd period - Icing by Phil McRae.
0:53 of 2nd period - Phil McRae wins face-off versus Jake Guentzel in Demolitions zone.
0:53 of 2nd period - Phil McRae is hit by Max Domi.
1:01 of 2nd period - Wrist shot by Jake Guentzel.
1:01 of 2nd period - Stopped by Connor Hellebyuk with a rebound.
1:03 of 2nd period - Slapshot by Joe Morrow.
1:03 of 2nd period - Stopped by Connor Hellebyuk with a rebound.
1:19 of 2nd period - Snap shot by Jake Guentzel.
1:19 of 2nd period - Deflect By Justin Falk.
1:19 of 2nd period - Stopped by Connor Hellebyuk with a rebound.
1:29 of 2nd period - Snap shot by Max Domi.
1:29 of 2nd period - Deflect By Anthony Mantha.
1:29 of 2nd period - Stopped by Connor Hellebyuk with a rebound.
2:11 of 2nd period - Justin Falk is hit by Jake Guentzel and loses puck.
2:56 of 2nd period - Slapshot by Max Domi.
2:56 of 2nd period - Stopped by Connor Hellebyuk with a rebound.
2:58 of 2nd period - Slapshot by Tim Erixon.
2:58 of 2nd period - Shot Misses the Net.
3:00 of 2nd period - Snap shot by Joe Morrow.
3:00 of 2nd period - Deflect By Anthony Mantha.
3:00 of 2nd period - Stopped by Connor Hellebyuk with a rebound.
3:20 of 2nd period - Snap shot by Max Domi.
3:20 of 2nd period - Shot Misses the Net.
3:28 of 2nd period - Snap shot by Jake Guentzel.
3:28 of 2nd period - Goal by Jake Guentzel - Demolitions : 1 - Influenza : 2.
3:29 of 2nd period - Charlie Coyle wins face-off versus Michael Latta in neutral zone.
3:32 of 2nd period - Snap shot by Alex Killorn.
3:32 of 2nd period - Shot Misses the Net.
3:57 of 2nd period - Off-side.
3:58 of 2nd period - Mark Olver wins face-off versus Corban Knight in neutral zone.
4:09 of 2nd period - Wrist shot by Jimmy Vesey.
4:09 of 2nd period - Shot Blocked by Lane MacDermid.
4:13 of 2nd period - Snap shot by Mark Olver.
4:13 of 2nd period - Shot Misses the Net.
4:15 of 2nd period - Slapshot by Dmitry Sinitsyn.
4:15 of 2nd period - Shot Misses the Net.
4:17 of 2nd period - Slapshot by Iiro Pakarinen.
4:17 of 2nd period - Shot Misses the Net.
4:19 of 2nd period - Snap shot by Jimmy Vesey.
4:19 of 2nd period - Shot Misses the Net.
4:23 of 2nd period - Slapshot by Jimmy Vesey.
4:23 of 2nd period - Stopped by Connor Hellebyuk without a rebound.
4:24 of 2nd period - Charlie Coyle wins face-off versus Michael Latta in Demolitions zone.
4:28 of 2nd period - Slapshot by Paul Ladue.
4:28 of 2nd period - Deflect By Spencer Machacek.
4:28 of 2nd period - Stopped by Connor Hellebyuk without a rebound.
4:29 of 2nd period - Charlie Coyle wins face-off versus Michael Latta in Demolitions zone.
4:32 of 2nd period - Snap shot by Beau Bennett.
4:32 of 2nd period - Stopped by Connor Hellebyuk with a rebound.
4:34 of 2nd period - Slapshot by Charlie Coyle.
4:34 of 2nd period - Deflect By Dmitri Orlov.
4:34 of 2nd period - Shot Misses the Net.
4:34 of 2nd period - Puck is out of play.
4:35 of 2nd period - Charlie Coyle wins face-off versus Michael Latta in Demolitions zone.
4:36 of 2nd period - Wrist shot by Beau Bennett.
4:36 of 2nd period - Stopped by Connor Hellebyuk without a rebound.
4:37 of 2nd period - Charlie Coyle wins face-off versus Michael Latta in Demolitions zone.
4:41 of 2nd period - Minor Penalty to Spencer Machacek for Roughing.
4:42 of 2nd period - Erik Cole wins face-off versus Charlie Coyle in Demolitions zone.
4:56 of 2nd period - Slapshot by Alex Killorn.
4:56 of 2nd period - Shot Blocked by Justin Falk.
6:41 of 2nd period - Penalty to Spencer Machacek is over, Spencer Machacek is back on ice.
7:09 of 2nd period - Phil McRae is hit by Anthony Mantha and loses puck.
8:22 of 2nd period - Paul Ladue is hit by Spencer Machacek and loses puck.
8:27 of 2nd period - Snap shot by Spencer Machacek.
8:27 of 2nd period - Goal by Spencer Machacek - Demolitions : 2 - Influenza : 2.
8:28 of 2nd period - Alex Killorn wins face-off versus Michael Latta in neutral zone.
8:53 of 2nd period - Dmitri Orlov is hit by Paul Ladue and loses puck.
9:36 of 2nd period - Snap shot by Jake Guentzel.
9:36 of 2nd period - Stopped by Connor Hellebyuk with a rebound.
9:38 of 2nd period - Snap shot by Jake Guentzel.
9:38 of 2nd period - Stopped by Connor Hellebyuk with a rebound.
9:54 of 2nd period - Garnet Hathaway is hit by Beau Bennett and loses puck.
10:53 of 2nd period - Jordan Schroeder is hit by Corban Knight.
11:32 of 2nd period - Slapshot by Phil McRae.
11:32 of 2nd period - Goal by Phil McRae - Demolitions : 3 - Influenza : 2.
11:33 of 2nd period - Alex Killorn wins face-off versus Michael Latta in neutral zone.
11:58 of 2nd period - Mathieu Carle is hit by Cameron Schilling.
12:24 of 2nd period - Snap shot by Garnet Hathaway.
12:24 of 2nd period - Shot Misses the Net.
12:36 of 2nd period - Lane MacDermid is hit by Jake Guentzel and loses puck.
12:47 of 2nd period - Mathieu Carle is hit by Corban Knight and loses puck.
12:58 of 2nd period - Snap shot by Corban Knight.
12:58 of 2nd period - Stopped by Jeremy Duchesne without a rebound.
12:59 of 2nd period - Charlie Coyle wins face-off versus Michael Latta in Influenza zone.
13:14 of 2nd period - Snap shot by Michael Latta.
13:14 of 2nd period - Shot Blocked by Alex Killorn.
14:30 of 2nd period - Wrist shot by Jake Guentzel.
14:30 of 2nd period - Shot Misses the Net.
14:32 of 2nd period - Wrist shot by Jake Guentzel.
14:32 of 2nd period - Shot Blocked by Robert Bortuzzo.
16:08 of 2nd period - Wrist shot by Jimmy Vesey.
16:08 of 2nd period - Shot Misses the Net.
16:10 of 2nd period - Slapshot by Paul Ladue.
16:10 of 2nd period - Shot Misses the Net.
16:26 of 2nd period - Jake Guentzel is hit by Michael Latta and loses puck.
16:43 of 2nd period - Wrist shot by Brandon McMillan.
16:43 of 2nd period - Goal by Brandon McMillan - Demolitions : 4 - Influenza : 2.
16:43 of 2nd period - Tyson Sexsmith enters game.
16:44 of 2nd period - Michael Latta wins face-off versus Beau Bennett in neutral zone.
16:48 of 2nd period - Off-side.
16:49 of 2nd period - Michael Latta wins face-off versus Charlie Coyle in neutral zone.
17:04 of 2nd period - Snap shot by Spencer Machacek.
17:04 of 2nd period - Shot Misses the Net.
17:11 of 2nd period - Icing by Alex Killorn.
17:12 of 2nd period - Garnet Hathaway wins face-off versus Charlie Coyle in Influenza zone.
17:29 of 2nd period - Wrist shot by Charlie Coyle.
17:29 of 2nd period - Stopped by Connor Hellebyuk with a rebound.
17:35 of 2nd period - Alex Killorn is hit by Corban Knight and loses puck.
17:44 of 2nd period - Snap shot by Garnet Hathaway.
17:44 of 2nd period - Shot Blocked by Mathieu Carle.
17:46 of 2nd period - Snap shot by Lane MacDermid.
17:46 of 2nd period - Stopped by Tyson Sexsmith with a rebound.
17:52 of 2nd period - Snap shot by Lane MacDermid.
17:52 of 2nd period - Stopped by Tyson Sexsmith without a rebound.
17:53 of 2nd period - Michael Latta wins face-off versus Mark Olver in Influenza zone.
17:58 of 2nd period - Snap shot by Michael Latta.
17:58 of 2nd period - Shot Blocked by Joe Morrow.
18:00 of 2nd period - Slapshot by Erik Cole.
18:00 of 2nd period - Shot Misses the Net.
18:48 of 2nd period - Wrist shot by Johan Larsson.
18:48 of 2nd period - Shot Blocked by Taylor Aronson.
18:50 of 2nd period - Snap shot by Joe Morrow.
18:50 of 2nd period - Stopped by Connor Hellebyuk with a rebound.
19:15 of 2nd period - Off-side.
19:16 of 2nd period - Corban Knight wins face-off versus Charlie Coyle in neutral zone.
Goals for this period are 3 for Demolitions vs 1 for Influenza.
Shots for this period are 6 for Demolitions vs 15 for Influenza.
3rd period
0:01 of 3rd period - Charlie Coyle wins face-off versus Michael Latta in neutral zone.
0:13 of 3rd period - Snap shot by Michael Latta.
0:13 of 3rd period - Shot Blocked by Alex Killorn.
0:15 of 3rd period - Snap shot by Michael Latta.
0:15 of 3rd period - Shot Misses the Net.
0:48 of 3rd period - Dmitri Orlov is hit by Iiro Pakarinen and loses puck.
1:59 of 3rd period - Snap shot by Billy Sweat.
1:59 of 3rd period - Stopped by Tyson Sexsmith with a rebound.
2:01 of 3rd period - Snap shot by Taylor Aronson.
2:01 of 3rd period - Stopped by Tyson Sexsmith without a rebound.
2:02 of 3rd period - Charlie Coyle wins face-off versus Michael Latta in Influenza zone.
2:35 of 3rd period - Off-side.
2:36 of 3rd period - Charlie Coyle wins face-off versus Michael Latta in neutral zone.
3:01 of 3rd period - Taylor Aronson is hit by Mathieu Carle and loses puck.
3:06 of 3rd period - Slapshot by Iiro Pakarinen.
3:06 of 3rd period - Shot Blocked by Taylor Aronson.
3:33 of 3rd period - Icing by Mark Olver.
3:34 of 3rd period - Mark Olver wins face-off versus Michael Latta in Influenza zone.
3:45 of 3rd period - Wrist shot by Erik Cole.
3:45 of 3rd period - Shot Blocked by Nikita Zadorov.
4:52 of 3rd period - Slapshot by Jonathan Blum.
4:52 of 3rd period - Shot Misses the Net.
4:54 of 3rd period - Snap shot by Billy Sweat.
4:54 of 3rd period - Stopped by Tyson Sexsmith without a rebound.
4:55 of 3rd period - Michael Latta wins face-off versus Charlie Coyle in Influenza zone.
4:56 of 3rd period - Snap shot by Spencer Machacek.
4:56 of 3rd period - Stopped by Tyson Sexsmith with a rebound.
4:58 of 3rd period - Wrist shot by Michael Latta.
4:58 of 3rd period - Shot Misses the Net.
5:00 of 3rd period - Wrist shot by Spencer Machacek.
5:00 of 3rd period - Stopped by Tyson Sexsmith with a rebound.
5:02 of 3rd period - Slapshot by Jonathan Blum.
5:02 of 3rd period - Shot Misses the Net.
5:04 of 3rd period - Slapshot by Jonathan Blum.
5:04 of 3rd period - Stopped by Tyson Sexsmith without a rebound.
5:05 of 3rd period - Michael Latta wins face-off versus Charlie Coyle in Influenza zone.
5:08 of 3rd period - Wrist shot by Erik Cole.
5:08 of 3rd period - Stopped by Tyson Sexsmith without a rebound.
5:09 of 3rd period - Michael Latta wins face-off versus Charlie Coyle in Influenza zone.
5:24 of 3rd period - Wrist shot by Justin Falk.
5:24 of 3rd period - Stopped by Tyson Sexsmith with a rebound.
5:58 of 3rd period - Joe Morrow is hit by Andrej Nestrasil and loses puck.
7:51 of 3rd period - Icing by Michael Latta.
7:52 of 3rd period - Mark Olver wins face-off versus Michael Latta in Demolitions zone.
8:25 of 3rd period - Slapshot by Alex Killorn.
8:25 of 3rd period - Stopped by Connor Hellebyuk with a rebound.
8:35 of 3rd period - Max Domi is hit by Billy Sweat and loses puck.
9:25 of 3rd period - Snap shot by Erik Cole.
9:25 of 3rd period - Stopped by Tyson Sexsmith with a rebound.
9:41 of 3rd period - Alex Killorn is hit by Lane MacDermid and loses puck.
10:29 of 3rd period - Slapshot by Cameron Schilling.
10:29 of 3rd period - Goal by Cameron Schilling - Demolitions : 5 - Influenza : 2.
10:30 of 3rd period - Michael Latta wins face-off versus Charlie Coyle in neutral zone.
10:41 of 3rd period - Snap shot by Michael Latta.
10:41 of 3rd period - Stopped by Tyson Sexsmith with a rebound.
11:24 of 3rd period - Snap shot by Mathieu Carle.
11:24 of 3rd period - Stopped by Connor Hellebyuk with a rebound.
12:13 of 3rd period - Minor Penalty to Alex Killorn for Interference.
12:14 of 3rd period - Michael Latta wins face-off versus Shane Prince in Influenza zone.
12:24 of 3rd period - Wrist shot by Michael Latta.
12:24 of 3rd period - Shot Misses the Net.
12:26 of 3rd period - Snap shot by Justin Falk.
12:26 of 3rd period - Shot Misses the Net.
12:28 of 3rd period - Slapshot by Erik Cole.
12:28 of 3rd period - Stopped by Tyson Sexsmith without a rebound.
12:29 of 3rd period - Michael Latta wins face-off versus Shane Prince in Influenza zone.
13:06 of 3rd period - Snap shot by Garnet Hathaway.
13:06 of 3rd period - Stopped by Tyson Sexsmith with a rebound.
14:13 of 3rd period - Penalty to Alex Killorn is over, Alex Killorn is back on ice.
14:47 of 3rd period - Snap shot by Jake Guentzel.
14:47 of 3rd period - Shot Misses the Net.
16:06 of 3rd period - Icing by Johan Larsson.
16:07 of 3rd period - Michael Latta wins face-off versus Charlie Coyle in Influenza zone.
17:07 of 3rd period - Wrist shot by Alex Killorn.
17:07 of 3rd period - Shot Misses the Net.
17:09 of 3rd period - Backhand shot by Dmitry Sinitsyn.
17:09 of 3rd period - Deflect By Beau Bennett.
17:09 of 3rd period - Stopped by Connor Hellebyuk without a rebound.
17:10 of 3rd period - Jimmy Vesey wins face-off versus Corban Knight in Demolitions zone.
17:18 of 3rd period - Minor Penalty to Corban Knight for Hooking.
17:19 of 3rd period - Erik Cole wins face-off versus Mark Olver in Demolitions zone.
19:18 of 3rd period - Penalty to Corban Knight is over, Corban Knight is back on ice.
Goals for this period are 1 for Demolitions vs 0 for Influenza.
Shots for this period are 13 for Demolitions vs 3 for Influenza.
Back to the Top